[Event "Titled Tuesday Blitz November 22 Late 2022"]
[White "Cardoso Cardoso, Jose Gabriel"]
[Black "Paravyan, David"]
[WhiteFideId "4430492"]
[BlackFideId "4194985"]
[WhiteElo "2484"]
[BlackElo "2546"]
[Result "1-0"]
[Round "02"]
[TimeControl "180+1"]
[Date "2022.11.22"]
[WhiteClock "0:00:02"]
[BlackClock "0:00:03"]

1. e4 e5 2. Nf3 Nf6 3. Nxe5 d6 4. Nf3 Nxe4 5. Nc3 Nxc3 6. dxc3 Be7 7. Be3 O-O 8. Qd2 Nd7 9. O-O-O Re8 10. Bd3 Nc5 11. h4 Nxd3+ 12. Qxd3 Qd7 13. Bg5 Bf8 14. Rhe1 Rxe1 15. Rxe1 Qf5 16. Qc4 c6 17. Qb4 h6 18. Re8 hxg5 19. hxg5 Qd7 20. Qe4 g6 21. Nd4 c5 22. Ne2 d5 23. Qe5 d4 24. Nf4 dxc3 25. Nd5 cxb2+ 26. Kxb2 Qb5+ 27. Kc1 Qf1+ 28. Kb2 Qb5+ 29. Kc3 Qa5+ 30. Kd3 c4+ 31. Ke2 Bg4+ 32. f3 Qxd5 33. Rxf8+ Rxf8 34. Qxd5 Bf5 35. c3 b6 36. Qxc4 Re8+ 37. Kf2 Be6 38. Qd4 Rc8 39. a3 Rc5 40. Qd8+ Kg7 41. Qf6+ Kg8 42. g4 Ra5 43. Qd8+ Kg7 44. Qd4+ Kg8 45. a4 Rc5 46. Kg3 Rc4 47. Qd8+ Kg7 48. a5 bxa5 49. Qxa5 Kg8 50. Qd8+ Kg7 51. Qd6 Kg8 52. Qb8+ Kg7 53. Qxa7 Kg8 54. Qb8+ Kg7 55. Qe5+ Kg8 56. f4 Ra4 57. f5 Bd7 58. Qb8+ Kg7 59. Qd6 Be8 60. Qe5+ Kf8 61. Qd6+ Kg7 62. f6+ Kg8 63. Qe7 Ra8 64. c4 Rc8 65. c5 Bc6 66. Kf4 Bd5 67. Ke5 Be6 68. Kd6 Bxg4 69. c6 Bf5 70. c7 Be6 71. Qd8+ Kh7 72. Kc6 Bf5 73. Kb7 1-0


[Site "https://www.chess.com"]

[Event "Titled Tuesday Blitz November 22 Late 2022"]
[White "Caruana, Fabiano"]
[Black "Goryachkina, Aleksandra"]
[WhiteFideId "2020009"]
[BlackFideId "4147103"]
[WhiteElo "2847"]
[BlackElo "2484"]
[Result "1-0"]
[Round "02"]
[TimeControl "180+1"]
[Date "2022.11.22"]
[WhiteClock "0:00:15"]
[BlackClock "0:00:02"]

1. c4 Nf6 2. Nc3 e6 3. Nf3 d5 4. e3 c6 5. b3 Bd6 6. Bb2 O-O 7. Qc2 e5 8. cxd5 cxd5 9. Nb5 Nc6 10. Nxd6 Qxd6 11. Rc1 Bg4 12. Be2 Rac8 13. Qb1 e4 14. Ng1 Bxe2 15. Nxe2 Nb4 16. O-O Nd3 17. Rxc8 Rxc8 18. h3 Nd7 19. Bd4 a6 20. f4 Qc6 21. Nc3 b5 22. Qd1 b4 23. Qg4 f6 24. Ne2 Kh8 25. Ng3 Nf8 26. Nh5 Rc7 27. Qf5 Qe6 28. Nxg7 Rxg7 29. Qxf6 Qxf6 30. Bxf6 Kg8 31. Bxg7 Kxg7 32. g4 Nd7 33. Kg2 N7c5 34. f5 Kf6 35. h4 h6 36. Kg3 a5 37. g5+ hxg5 38. h5 Ne5 39. h6 Nf7 40. h7 Kg7 41. f6+ Kxh7 42. Rf5 Nd3 43. Rxd5 Nc1 44. Rxa5 Kg6 45. Ra6 Kf5 46. Ra4 Kxf6 47. Rxb4 Nxa2 48. Rxe4 Nc1 49. b4 Nd6 50. Rg4 Kf5 51. Kf3 Nd3 52. Rd4 Ne5+ 53. Ke2 Ndf7 54. b5 g4 55. b6 Nc6 56. Rc4 Nfe5 57. Rc5 Ke6 58. d4 Kd6 59. Rxe5 Nxe5 60. dxe5+ 1-0


[Site "https://www.chess.com"]

[Event "Titled Tuesday Blitz November 22 Late 2022"]
[White "Castillo Pena, Patricia Evarista"]
[Black "Zhu, Jiner"]
[WhiteFideId "6412106"]
[BlackFideId "8608059"]
[WhiteElo "1919"]
[BlackElo "2384"]
[Result "0-1"]
[Round "02"]
[TimeControl "180+1"]
[Date "2022.11.23"]
[WhiteClock "0:00:01"]
[BlackClock "0:01:29"]

1. d4 Nf6 2. Nf3 c5 3. e3 d5 4. Bd3 e6 5. b3 b6 6. Bb2 Be7 7. Nbd2 Bb7 8. O-O O-O 9. Ne5 Nbd7 10. f4 Ne4 11. c4 Nxd2 12. Qxd2 dxc4 13. bxc4 Nf6 14. Rad1 Rc8 15. Qe2 Qc7 16. e4 cxd4 17. Bxd4 Bc5 18. Bb1 Bxd4+ 19. Rxd4 Qc5 20. Qf2 Rfd8 21. Rxd8+ Rxd8 22. Qxc5 bxc5 23. Re1 Rd4 24. Kf2 Bxe4 25. Bxe4 Nxe4+ 26. Kg1 f6 27. Nc6 Rxc4 28. Nxa7 Kf7 29. g3 Nc3 30. a3 Ra4 31. Nc8 Rxa3 32. Nd6+ Ke7 33. Nc4 Ra4 34. Nb6 Ra2 35. Nc8+ Kd7 36. Nb6+ Kd6 37. Nc4+ Ke7 38. Nb6 Ne2+ 39. Kf1 Nd4 40. Nd5+ Kd6 41. Nc3 Rxh2 42. Ne4+ Kd5 0-1


[Site "https://www.chess.com"]

[Event "Titled Tuesday Blitz November 22 Late 2022"]
[White "Chigaev, Maksim"]
[Black "Han, Yichen"]
[WhiteFideId "4108116"]
[BlackFideId "1054430"]
[WhiteElo "2541"]
[BlackElo "2323"]
[Result "1-0"]
[Round "02"]
[TimeControl "180+1"]
[Date "2022.11.22"]
[WhiteClock "0:00:06"]
[BlackClock "0:00:05"]

1. e4 e5 2. Nf3 Nc6 3. g3 Nf6 4. d3 Be7 5. Bg2 O-O 6. O-O d5 7. exd5 Nxd5 8. Re1 Bf6 9. Nc3 Nxc3 10. bxc3 Re8 11. Nd2 Be6 12. Rb1 Qc8 13. c4 Rb8 14. Bb2 Bg4 15. Qc1 Bg5 16. c3 Bh3 17. Bh1 Qd7 18. Qc2 Bxd2 19. Qxd2 Rbd8 20. d4 Bf5 21. Rbd1 Na5 22. c5 Nc4 23. Qe2 Qa4 24. d5 e4 25. Bc1 Qb5 26. Rd4 e3 27. Qxc4 exf2+ 28. Kxf2 Qb1 29. Qb3 Rxe1 30. Qxb1 Bxb1 31. Kxe1 Bxa2 32. c4 a5 33. Ba3 a4 34. Kd2 Re8 35. Bf3 Bb1 36. c6 b6 37. d6 cxd6 38. Rxd6 Bf5 39. c7 f6 40. Bd5+ 1-0


[Site "https://www.chess.com"]

[Event "Titled Tuesday Blitz November 22 Late 2022"]
[White "Czopor, Maciej"]
[Black "Dardha, Daniel"]
[WhiteFideId "21805431"]
[BlackFideId "240990"]
[WhiteElo "2602"]
[BlackElo "2885"]
[Result "1-0"]
[Round "02"]
[TimeControl "180+1"]
[Date "2022.11.23"]
[WhiteClock "0:00:03"]
[BlackClock "0:00:23"]

1. Nf3 d5 2. g3 b6 3. c4 dxc4 4. Bg2 Bb7 5. O-O e6 6. Qa4+ Nd7 7. Qxc4 c5 8. b3 Be7 9. Bb2 Bf6 10. Bxf6 Ngxf6 11. Nc3 O-O 12. Rac1 Bxf3 13. Bxf3 Ne5 14. Qf4 Nxf3+ 15. Qxf3 Qxd2 16. Rfd1 Qb2 17. Qd3 h6 18. Rc2 Qa3 19. e4 Rad8 20. Qxd8 Rxd8 21. Rxd8+ Kh7 22. h3 Qb4 23. f3 c4 24. bxc4 Qxc4 25. Kg2 b5 26. Rdd2 Qb4 27. e5 Nh5 28. Ne4 Qe7 29. Rd6 Qb7 30. Rdc6 Kg6 31. Nd6 Qe7 32. f4 Qd8 33. Rc7 Qa8+ 34. R2c6 a5 35. Kf3 b4 36. g4 a4 37. f5+ exf5 38. gxh5+ Kxh5 39. Nxf5 b3 40. Nxg7+ Kg5 41. Kg3 f6 42. h4+ Kg6 43. Rxf6+ Kh7 44. Ne6+ Kg8 45. Rg7+ Kh8 46. Rxh6# 1-0


[Site "https://www.chess.com"]

[Event "Titled Tuesday Blitz November 22 Late 2022"]
[White "Daggupati, Balaji"]
[Black "Bach, Matthias"]
[WhiteFideId "2090759"]
[BlackFideId "4603168"]
[WhiteElo "2682"]
[BlackElo "2165"]
[Result "1-0"]
[Round "02"]
[TimeControl "180+1"]
[Date "2022.11.23"]
[WhiteClock "0:00:59"]
[BlackClock "0:00:40"]

1. e4 e5 2. Nf3 Nc6 3. Bb5 Bc5 4. O-O d6 5. c3 a6 6. Bxc6+ bxc6 7. d4 exd4 8. cxd4 Bb6 9. Qc2 Ne7 10. Na3 Bg4 11. Nc4 Bxf3 12. Nxb6 cxb6 13. gxf3 O-O 14. Kh1 Rc8 15. Rg1 Ng6 16. f4 f5 17. Qb3+ Kh8 18. Qh3 Qe8 19. e5 Qe6 20. Be3 c5 21. dxc5 bxc5 22. exd6 Qxd6 23. Rad1 Qc6+ 24. Qg2 Qxg2+ 25. Rxg2 Rfd8 26. Rgg1 c4 27. Rxd8+ Rxd8 28. Rc1 Nh4 29. h3 Rc8 30. Rc3 h6 31. b3 Rd8 32. bxc4 Nf3 33. c5 Rd1+ 34. Kg2 Ne1+ 35. Kg3 g5 36. fxg5 hxg5 37. Bxg5 Kg7 38. c6 1-0


[Site "https://www.chess.com"]

[Event "Titled Tuesday Blitz November 22 Late 2022"]
[White "De Souza, Cristiano Gomes"]
[Black "Goncalves, Davi Sulzbacher"]
[WhiteFideId "2151758"]
[BlackFideId "2154510"]
[WhiteElo "2068"]
[BlackElo "2182"]
[Result "0-1"]
[Round "02"]
[TimeControl "180+1"]
[Date "2022.11.23"]
[WhiteClock "0:00:15"]
[BlackClock "0:00:50"]

1. d4 e6 2. c4 f5 3. g3 Nf6 4. Bg2 Bb4+ 5. Bd2 Qe7 6. Nc3 O-O 7. Nf3 Ne4 8. O-O Bxc3 9. bxc3 Nc6 10. Ne1 Na5 11. Bxe4 fxe4 12. Qa4 b6 13. Nc2 Ba6 14. Ne3 c5 15. Rac1 Rac8 16. d5 Qf7 17. Kg2 exd5 18. cxd5 Bxe2 19. Kg1 c4 20. Qc2 Qf3 21. Rce1 Bd3 22. Qd1 Bxf1 23. Qxf3 exf3 24. Kxf1 Rfe8 25. Nc2 Nb7 26. Nd4 Rxe1+ 27. Bxe1 Rf8 28. Bd2 Nc5 29. Be3 Ne4 30. Nb5 a6 31. Na3 b5 32. Nb1 Rf5 33. Ke1 Rxd5 34. Bd4 b4 0-1


[Site "https://www.chess.com"]

[Event "Titled Tuesday Blitz November 22 Late 2022"]
[White "Djordjevic, Vuk"]
[Black "Silva, Caio Henrique Angelico"]
[WhiteFideId "902098"]
[BlackFideId "22777210"]
[WhiteElo "2456"]
[BlackElo "1990"]
[Result "1-0"]
[Round "02"]
[TimeControl "180+1"]
[Date "2022.11.23"]
[WhiteClock "0:00:30"]
[BlackClock "0:00:11"]

1. d4 Nf6 2. Bg5 Ne4 3. Bf4 d5 4. e3 e6 5. Bd3 Bd6 6. Ne2 O-O 7. O-O f5 8. c4 c6 9. Nd2 Qe7 10. Nf3 Nd7 11. Rc1 g5 12. Bxd6 Nxd6 13. c5 Ne4 14. Bxe4 fxe4 15. Ne5 Nxe5 16. dxe5 Qg7 17. Qd4 Bd7 18. Ng3 Qg6 19. f4 exf3 20. gxf3 Rf7 21. f4 gxf4 22. exf4 Raf8 23. Rf2 h5 24. Rcf1 h4 25. Rg2 Rg7 26. f5 exf5 27. Qxh4 Qg4 28. Qxg4 Rxg4 29. Nh5 Rxg2+ 30. Kxg2 Kf7 31. Nf4 Rg8+ 32. Kf3 Rh8 33. h3 Be6 34. Rg1 d4 35. Rg6 Bd5+ 36. Kg3 Be4 37. Rd6 Re8 38. Rd7+ Re7 39. Rxe7+ Kxe7 40. h4 b6 41. h5 Bb1 42. h6 d3 43. Kf2 d2 44. Ke2 1-0


[Site "https://www.chess.com"]

[Event "Titled Tuesday Blitz November 22 Late 2022"]
[White "Dzierzak, Radoslaw"]
[Black "Lopez Del Alamo, Antonio"]
[WhiteFideId "1161407"]
[BlackFideId "2227339"]
[WhiteElo "2111"]
[BlackElo "2175"]
[Result "0-1"]
[Round "02"]
[TimeControl "180+1"]
[Date "2022.11.23"]
[WhiteClock "0:00:01"]
[BlackClock "0:00:07"]

1. e4 c5 2. Nf3 e6 3. d4 cxd4 4. Nxd4 Nf6 5. Nc3 Nc6 6. g3 Bb4 7. Bg2 Qb6 8. Nb3 Qa6 9. Bd2 O-O 10. Qe2 Bxc3 11. Bxc3 Qxe2+ 12. Kxe2 b6 13. e5 Ng4 14. Bxc6 dxc6 15. h3 Nh6 16. Rhd1 c5 17. Bd2 Nf5 18. g4 Ne7 19. Bg5 f6 20. exf6 gxf6 21. Bh6 Re8 22. Rd6 Nd5 23. Nd2 Ba6+ 24. c4 Rad8 25. Rxd8 Rxd8 26. a3 Kf7 27. Kf3 Kg6 28. Be3 Nxe3 29. Kxe3 Bb7 30. b3 Rd4 31. f3 e5 32. Nf1 Rf4 33. Nd2 f5 34. a4 a5 35. Rd1 Rd4 36. Re1 f4+ 37. Ke2 Kf6 38. Nb1 Ke6 39. Nc3 e4 40. fxe4 Ke5 41. Kf2 Rd2+ 42. Re2 Rd3 43. Nd5 Rxh3 44. Nxb6 Rh2+ 45. Ke1 Rh1+ 46. Kd2 f3 47. Re3 Kf4 48. Re1 Rh2+ 49. Kd1 Bxe4 50. Nd7 f2 51. Rf1 Bd3 52. Rxf2+ Rxf2 53. Nxc5 Be4 54. Kc1 Ke3 0-1


[Site "https://www.chess.com"]

[Event "Titled Tuesday Blitz November 22 Late 2022"]
[White "Fernandez Garcia, Gumersindo"]
[Black "Bazzano, Sebastian"]
[WhiteFideId "24516740"]
[BlackFideId "104566"]
[WhiteElo "2140"]
[BlackElo "2222"]
[Result "1-0"]
[Round "02"]
[TimeControl "180+1"]
[Date "2022.11.23"]
[WhiteClock "0:01:37"]
[BlackClock "0:00:07"]

1. e4 e6 2. d4 d5 3. Bd3 c5 4. exd5 exd5 5. Nf3 Nf6 6. dxc5 Bxc5 7. O-O O-O 8. Nbd2 Nc6 9. Nb3 Bb6 10. Bg5 h6 11. Bh4 Bg4 12. h3 Bh5 13. c3 d4 14. cxd4 Nxd4 15. Nbxd4 Bxd4 16. g4 Bxb2 17. Rb1 Ba3 18. gxh5 b6 19. Kh1 Be7 20. Rg1 Qd5 21. Bxf6 Qxh5 22. Bxe7 Qxh3+ 23. Nh2 1-0


[Site "https://www.chess.com"]

[Event "Titled Tuesday Blitz November 22 Late 2022"]
[White "Fernandez Siles, Luis"]
[Black "Melikyan, Gnel"]
[WhiteFideId "2209420"]
[BlackFideId "54109990"]
[WhiteElo "2186"]
[BlackElo "2138"]
[Result "0-1"]
[Round "02"]
[TimeControl "180+1"]
[Date "2022.11.23"]
[WhiteClock "0:00:01"]
[BlackClock "0:00:18"]

1. d4 d6 2. Nf3 Nf6 3. g3 g6 4. Bg2 Bg7 5. O-O O-O 6. Nc3 Nbd7 7. e4 e5 8. h3 Re8 9. Re1 b6 10. a4 Bb7 11. a5 exd4 12. Nxd4 Nc5 13. f3 Nh5 14. Kh2 f5 15. a6 Bc8 16. f4 fxe4 17. Nxe4 Nxe4 18. Rxe4 Rxe4 19. Bxe4 Qd7 20. g4 d5 21. Bg2 Nf6 22. c4 c5 23. Nb5 Rb8 24. Bxd5+ Nxd5 25. Qxd5+ Qxd5 26. cxd5 Ra8 27. Nc7 Rb8 28. Ra3 Bd7 29. Re3 Bf8 30. Ne6 Bd6 31. Rf3 Re8 32. Kg2 Bxe6 33. dxe6 Rxe6 34. f5 gxf5 35. gxf5 Re1 36. Rf1 Re2+ 37. Rf2 Re4 38. b3 Rb4 39. Rf3 Be5 0-1


[Site "https://www.chess.com"]

[Event "Titled Tuesday Blitz November 22 Late 2022"]
[White "Ferreira, Vitor Hugo Vieira"]
[Black "Corrales Jimenez, Fidel"]
[WhiteFideId "2119765"]
[BlackFideId "3506690"]
[WhiteElo "2168"]
[BlackElo "2541"]
[Result "0-1"]
[Round "02"]
[TimeControl "180+1"]
[Date "2022.11.23"]
[WhiteClock "0:02:06"]
[BlackClock "0:02:27"]

1. e4 c6 2. d4 d5 3. exd5 cxd5 4. Bd3 Nc6 5. c3 Nf6 6. Ne2 Bg4 7. O-O e6 8. Qe1 Bd6 9. f3 Bh5 10. Qh4 O-O 11. Nf4 Bg6 12. Nxg6 hxg6 13. Bg5 Qc7 14. Bxf6 gxf6 15. Qxf6 Be7 16. Qf4 Qxf4 0-1


[Site "https://www.chess.com"]

[Event "Titled Tuesday Blitz November 22 Late 2022"]
[White "Figorito, Nick"]
[Black "D`Arruda, Ricardo D."]
[WhiteFideId "30923689"]
[BlackFideId "100692"]
[WhiteElo "2286"]
[BlackElo "2521"]
[Result "0-1"]
[Round "02"]
[TimeControl "180+1"]
[Date "2022.11.23"]
[WhiteClock "0:00:02"]
[BlackClock "0:00:19"]

1. Nf3 d5 2. g3 Nf6 3. Bg2 c5 4. O-O Nc6 5. d4 cxd4 6. Nxd4 e6 7. c4 Be7 8. Nc3 O-O 9. Bg5 h6 10. Bxf6 Bxf6 11. Nxc6 bxc6 12. Rc1 Qa5 13. Qd2 Rd8 14. Rfd1 dxc4 15. Qc2 Ba6 16. Bxc6 Rac8 17. Bg2 Rxd1+ 18. Rxd1 Rd8 19. Rxd8+ Qxd8 20. Qa4 Qc8 21. h4 Bd4 22. e3 Be5 23. Qc6 Qxc6 24. Bxc6 Kf8 25. f4 Bf6 26. Kf2 Ke7 27. Ke2 Kd6 28. Be8 Ke7 29. Bc6 g5 30. fxg5 hxg5 31. h5 Bg7 32. g4 f5 33. gxf5 exf5 34. Bd5 Kd6 35. Bf7 Ke5 36. Bg6 g4 37. Kf2 Bb7 38. Ne2 Bh6 39. Nc3 Bf8 40. Nb5 Bc5 41. h6 Bf8 42. h7 Bg7 43. Nc3 f4 44. exf4+ Kxf4 45. Nb5 g3+ 46. Kg1 Bxb2 47. Nxa7 Bd4+ 48. Kf1 g2+ 49. Ke2 Bf3+ 50. Kd2 g1=Q 51. Kc2 Qf2+ 52. Kb1 Qb2# 0-1


[Site "https://www.chess.com"]

[Event "Titled Tuesday Blitz November 22 Late 2022"]
[White "Firouzja, Alireza"]
[Black "Gascon Del Nogal, Jose Rafael"]
[WhiteFideId "12573981"]
[BlackFideId "3902463"]
[WhiteElo "2903"]
[BlackElo "2473"]
[Result "1-0"]
[Round "02"]
[TimeControl "180+1"]
[Date "2022.11.22"]
[WhiteClock "0:00:14"]
[BlackClock "0:00:04"]

1. d4 Nf6 2. Bg5 Ne4 3. Bf4 d5 4. e3 c5 5. f3 Nf6 6. Nc3 a6 7. Qd2 Nc6 8. O-O-O e6 9. g4 Be7 10. h4 c4 11. g5 Nh5 12. e4 Nxf4 13. Qxf4 b5 14. exd5 exd5 15. Bh3 O-O 16. Bxc8 Rxc8 17. Qf5 b4 18. Nxd5 b3 19. axb3 cxb3 20. c3 Bd6 21. Ne2 Qa5 22. Kd2 Rfe8 23. Rhe1 Ne5 24. dxe5 Qxd5+ 25. Kc1 Qxe5 26. Nd4 Qxf5 27. Nxf5 Bf4+ 28. Kb1 Kf8 29. Nd4 Rxe1 30. Rxe1 Bg3 31. Re4 Rb8 32. c4 a5 33. Nc6 Re8 34. h5 Rxe4 35. fxe4 Bf4 36. Nxa5 Bxg5 37. Nxb3 g6 38. hxg6 fxg6 39. Kc2 Bf6 40. Nc5 Ke7 41. Nd3 h5 42. Kd2 h4 43. Ke3 h3 44. Kf3 Bh4 45. Nf4 h2 46. Kg2 Bg3 47. Nd3 Kd6 48. b4 Kc6 49. b5+ Kb6 50. e5 g5 51. e6 Bd6 52. c5+ Bxc5 53. Nxc5 1-0


[Site "https://www.chess.com"]

[Event "Titled Tuesday Blitz November 22 Late 2022"]
[White "Gadimbayli, Abdulla"]
[Black "Brown, Andrew"]
[WhiteFideId "13404938"]
[BlackFideId "3206513"]
[WhiteElo "2399"]
[BlackElo "2245"]
[Result "1-0"]
[Round "02"]
[TimeControl "180+1"]
[Date "2022.11.23"]
[WhiteClock "0:00:35"]
[BlackClock "0:00:07"]

1. e4 g6 2. d4 Bg7 3. Nc3 c6 4. e5 d6 5. exd6 Qxd6 6. Bc4 Qxd4 7. Bd3 Bf5 8. Nf3 Qd7 9. Be3 Bxd3 10. cxd3 Nf6 11. Qb3 O-O 12. O-O-O Nd5 13. Nxd5 cxd5 14. h4 Nc6 15. Kb1 Rac8 16. h5 Na5 17. Qb4 Nc6 18. Qh4 f6 19. hxg6 hxg6 20. g4 Kf7 21. Qg3 Rh8 22. Qf4 e5 23. Qa4 a6 24. Qb3 Rxh1 25. Rxh1 b5 26. Rh7 Kg8 27. Rh1 Na5 28. Qb4 Nc6 29. Qb3 Qf7 30. Rc1 d4 31. Qxf7+ Kxf7 32. Bd2 Ne7 33. Re1 Rh8 34. g5 Rh3 35. gxf6 Bxf6 36. Nxe5+ Bxe5 37. Rxe5 Rxd3 38. Bg5 Nf5 39. Rc5 Rf3 40. Rc6 Rxf2 41. Rf6+ Kg7 42. Rxa6 d3 43. Kc1 Kf7 44. Rf6+ Kg7 45. Rb6 Rg2 46. Bf4 Nd4 47. Be5+ Kf7 48. Bxd4 Rc2+ 49. Kd1 g5 50. Rxb5 Kg6 51. Be3 Re2 52. Bxg5 Rh2 53. Bf4 1-0


[Site "https://www.chess.com"]

[Event "Titled Tuesday Blitz November 22 Late 2022"]
[White "Galchenko, Matvey"]
[Black "Bobadilla Viera, Jorge Samuel"]
[WhiteFideId "24175480"]
[BlackFideId "3906353"]
[WhiteElo "2403"]
[BlackElo "2212"]
[Result "0-1"]
[Round "02"]
[TimeControl "180+1"]
[Date "2022.11.22"]
[WhiteClock "0:00:10"]
[BlackClock "0:00:36"]

1. f4 Nf6 2. Nf3 d5 3. g3 c5 4. Bg2 Nc6 5. O-O e6 6. d3 Be7 7. Nc3 O-O 8. e4 dxe4 9. dxe4 Qxd1 10. Rxd1 Rd8 11. e5 Nd5 12. Ne4 b6 13. c3 Bb7 14. Bd2 Ba6 15. Nf2 Rac8 16. b3 Bf8 17. Re1 Nde7 18. Rad1 Rd7 19. Bc1 Rcd8 20. Rxd7 Rxd7 21. Ne4 h6 22. g4 Nd5 23. f5 Nce7 24. f6 Ng6 25. Bf1 Bxf1 26. Rxf1 Ndf4 27. Kf2 Nd3+ 28. Ke2 Ndxe5 29. Nxe5 Nxe5 30. h3 g6 31. Bf4 Nc6 32. h4 Kh7 33. Rh1 Rd5 34. Be3 Ne5 35. Rg1 c4 36. b4 Nd3 37. a4 Kg8 38. Nd2 Nb2 39. Ra1 h5 40. g5 Bd6 41. Ra2 Nd3 42. Nxc4 Bg3 43. Rd2 Nc1+ 44. Kf3 Bxh4 45. Rxd5 exd5 46. Bxc1 dxc4 47. Bd2 Kf8 48. Be3 Ke8 49. b5 Kd7 50. Ke4 Be1 51. Kd4 h4 52. Bg1 Bg3 53. Kxc4 h3 54. a5 h2 55. Bxh2 Bxh2 56. axb6 axb6 57. Kd5 Bd6 0-1


[Site "https://www.chess.com"]

[Event "Titled Tuesday Blitz November 22 Late 2022"]
[White "Garcia Ramos, Daniel"]
[Black "Kollars, Dmitrij"]
[WhiteFideId "32010311"]
[BlackFideId "12909572"]
[WhiteElo "2357"]
[BlackElo "2584"]
[Result "1/2-1/2"]
[Round "02"]
[TimeControl "180+1"]
[Date "2022.11.22"]
[WhiteClock "0:00:01"]
[BlackClock "0:00:04"]

1. e4 c6 2. d4 d5 3. Nd2 dxe4 4. Nxe4 Nf6 5. Nxf6+ exf6 6. c3 Bd6 7. Bd3 O-O 8. Qc2 Re8+ 9. Ne2 h5 10. O-O Nd7 11. Ng3 h4 12. Nf5 Qc7 13. h3 c5 14. Nxh4 cxd4 15. cxd4 Qxc2 16. Bxc2 Nb6 17. Nf5 Bf8 18. Ne3 Be6 19. Rd1 Rad8 20. Bb3 g6 21. d5 Bc8 22. Bd2 f5 23. Bc3 Bd7 24. a4 Nc8 25. a5 Nd6 26. Bd4 Nb5 27. Bf6 Rc8 28. Ba4 Re4 29. Bb3 Nd6 30. a6 Rb4 31. axb7 Rxb7 32. Ba4 Bxa4 33. Rxa4 Bg7 34. Bxg7 Kxg7 35. Rda1 Rxb2 36. Rxa7 Ne4 37. R7a2 Rcb8 38. Rxb2 Rxb2 39. Rd1 f4 40. Nc4 Rc2 41. d6 Nc5 42. Ne5 Re2 43. d7 Ne6 44. Nc6 g5 45. d8=Q Nxd8 46. Nxd8 f6 47. f3 Kg6 48. Nc6 Rc2 49. Ne7+ Kf7 50. Nf5 Ra2 51. Nd4 Kg6 52. Kf1 Ra4 53. Ne2 Ra2 54. Kf2 Rb2 55. Rd8 Kf7 56. Rd7+ Ke6 57. Ra7 Kf5 58. Ra5+ Kg6 59. Kf1 Rb1+ 60. Kf2 Rb2 61. Rd5 Rc2 62. Rd1 Rb2 63. Re1 Kh5 64. g3 fxg3+ 65. Kxg3 Rd2 66. f4 Rd3+ 67. Kg2 Kh4 68. fxg5 fxg5 69. Rf1 Rxh3 70. Rf8 Ra3 71. Rh8+ Kg4 72. Re8 Rb3 73. Re4+ Kf5 74. Re8 Ra3 75. Kf2 Ra2 76. Rf8+ Kg6 77. Ke3 Kg7 78. Rf5 Ra3+ 79. Kf2 Kg6 80. Rf3 Ra7 81. Kg3 Kh5 82. Kf2 Ra2 83. Rh3+ Kg6 84. Re3 g4 85. Kg3 Kf5 86. Nd4+ Kg5 87. Re5+ Kf6 88. Rf5+ Kg6 89. Kxg4 Ra4 90. Rf4 Ra1 91. Nf3 Rd1 92. Ne5+ Kg7 93. Rf7+ Kg8 94. Ra7 Rf1 95. Kg5 Kf8 96. Nd7+ Ke8 97. Nf6+ Kd8 98. Kg6 Kc8 99. Kf7 Re1 100. Ne8 Kd8 101. Nf6 Kc8 102. Ng8 Kd8 103. Nh6 Kc8 104. Nf5 Kb8 105. Rd7 Kc8 106. Rd3 Kc7 107. Kf6 Kb6 108. Ne3 Kc5 109. Ke5 Rh1 110. Rc3+ Kb4 111. Nd5+ Kb5 112. Rb3+ Kc5 113. Rc3+ Kb5 114. Rc8 Rh5+ 115. Ke4 Rh4+ 116. Kd3 Rh3+ 117. Ne3 Kb6 118. Rc1 Kb5 119. Kd4 Rh4+ 120. Ke5 Rh5+ 121. Nf5 Kb4 122. Ke4 Kb5 123. Rc8 Kb6 124. Ne7 Rh4+ 125. Kf5 Rh1 126. Nd5+ Kb5 127. Ke6 Rh6+ 128. Ke5 Rh5+ 129. Ke4 Rh4+ 130. Nf4 Kb6 131. Rc2 Kb5 132. Ke5 Kb6 133. Rf2 Kb5 134. Kd5 Rg4 135. Ne6 Rb4 136. Rf8 Rh4 137. Rb8+ Ka6 138. Kc6 Ka5 139. Nd8 1/2-1/2


[Site "https://www.chess.com"]

[Event "Titled Tuesday Blitz November 22 Late 2022"]
[White "Gerbelli Neto, Eduardo"]
[Black "Karas, Marek"]
[WhiteFideId "2103281"]
[BlackFideId "14928558"]
[WhiteElo "2178"]
[BlackElo "2220"]
[Result "1-0"]
[Round "02"]
[TimeControl "180+1"]
[Date "2022.11.23"]
[WhiteClock "0:00:10"]
[BlackClock "0:00:04"]

1. e4 g6 2. Nc3 Bg7 3. f4 d5 4. Nxd5 f5 5. d3 e5 6. fxe5 fxe4 7. dxe4 Bxe5 8. Nf3 Bg7 9. Bg5 Qd7 10. Bc4 c6 11. Nc3 Qxd1+ 12. Rxd1 Nd7 13. O-O h6 14. Be3 Ngf6 15. Nd4 Ne5 16. Bb3 Bg4 17. Ne6 Bxe6 18. Bxe6 b6 19. Bf4 Nfd7 20. Ne2 Ke7 21. Bh3 Rad8 22. Nd4 g5 23. Bg3 Bf6 24. Bf5 c5 25. Ne6 Rde8 26. Nc7 Rd8 27. Nd5+ Kf7 28. Bxd7 Nxd7 29. e5 Kg6 30. exf6 Rhf8 31. Ne7+ Kf7 32. Nd5 Nb8 33. c4 Nc6 34. Rfe1 Nd4 35. Re7+ Kg6 36. Rg7+ Kh5 37. Bf2 Ne6 38. Rxa7 Nf4 39. h3 Rxf6 40. g4+ Kg6 41. Re1 Nxd5 42. cxd5 Rxd5 43. Ree7 Rc6 44. Rg7+ Kf6 45. Raf7+ Ke6 46. Rf5 Rxf5 47. gxf5+ Kxf5 48. Rd7 Ke4 49. Rd2 Kf3 50. Rd3+ Ke2 51. Rb3 c4 52. Rc3 b5 53. Kg2 Kd2 54. Re3 b4 55. Kf3 c3 56. bxc3 bxc3 57. Be1+ Kc2 58. Rxc3+ Rxc3+ 59. Bxc3 Kxc3 60. Kg4 Kd4 61. Kh5 Ke5 62. Kxh6 Kf5 63. Kh5 Kf4 64. a4 Kg3 65. Kxg5 Kxh3 66. a5 1-0


[Site "https://www.chess.com"]

[Event "Titled Tuesday Blitz November 22 Late 2022"]
[White "Goltsev, Dmitry"]
[Black "Rubio Tent, Francisco"]
[WhiteFideId "24176710"]
[BlackFideId "2238233"]
[WhiteElo "2289"]
[BlackElo "2211"]
[Result "1-0"]
[Round "02"]
[TimeControl "180+1"]
[Date "2022.11.23"]
[WhiteClock "0:00:39"]
[BlackClock "0:00:32"]

1. e4 c6 2. d4 d5 3. Nc3 dxe4 4. Nxe4 Nf6 5. Nxf6+ exf6 6. c3 Bf5 7. Bd3 Bxd3 8. Qxd3 Bd6 9. Nf3 O-O 10. O-O Nd7 11. Re1 Qc7 12. Bd2 Rad8 13. h3 Rfe8 14. Rxe8+ Rxe8 15. Re1 Rxe1+ 16. Nxe1 b5 17. Nc2 Nb6 18. Qe4 Nc4 19. Bc1 Qd7 20. b3 Nb6 21. Ba3 Bxa3 22. Nxa3 Qe6 23. f3 f5 24. Qxe6 fxe6 25. Kf2 Nd5 26. c4 bxc4 27. Nxc4 Nb4 28. a3 Nc2 29. b4 Nxd4 30. Ke3 Nb5 31. a4 Nc3 32. Kd4 Nxa4 33. Ne5 Nb6 34. Nxc6 Nc8 35. Nd8 g6 36. Ke5 Kf8 37. Kxe6 Ne7 38. Kd6 f4 39. Ne6+ Kf7 40. Nxf4 Kf6 41. Nd5+ Nxd5 42. Kxd5 Kf5 43. g3 h6 44. Kc6 h5 45. h4 g5 46. hxg5 1-0


[Site "https://www.chess.com"]

[Event "Titled Tuesday Blitz November 22 Late 2022"]
[White "Golubev, Mikhail"]
[Black "Lashkin, Jegor"]
[WhiteFideId "14100983"]
[BlackFideId "13907808"]
[WhiteElo "2374"]
[BlackElo "2368"]
[Result "0-1"]
[Round "02"]
[TimeControl "180+1"]
[Date "2022.11.23"]
[WhiteClock "0:00:04"]
[BlackClock "0:00:57"]

1. e4 c5 2. Nf3 d6 3. d4 cxd4 4. Nxd4 Nf6 5. Nc3 a6 6. Bc4 e6 7. O-O b5 8. Bb3 Be7 9. f4 O-O 10. e5 dxe5 11. fxe5 Nfd7 12. Be3 Nxe5 13. Qh5 Ng6 14. Rad1 Qc7 15. Qf3 Bb7 16. Qh3 Nc6 17. Nxc6 Qxc6 18. Rf3 Bc5 19. Rdf1 Nf4 20. Qg4 Bxe3+ 21. Rxe3 h5 0-1


[Site "https://www.chess.com"]